 Dungeon Crawl Stone Soup version 0.30-a0-948-g4fa250aae5 (webtiles) character file.

Game seed: 162559022870600463

531 cheesebisquit the Ruffian (level 7, -6/66 HPs)
             Began as a Troll Fighter on Mar 26, 2023.
             Mangled by Pikel
             ... wielding a +1 whip of flaming
              (8 damage)
             ... on level 5 of the Dungeon.
             The game lasted 00:13:25 (3267 turns).

cheesebisquit the Ruffian (Troll Fighter)           Turns: 3267, Time: 00:13:26

Health: -6/66      AC:  0    Str: 27    XL:     7   Next: 3%
Magic:  6/6        EV:  8    Int:  4    God:
Gold:   178        SH:  7    Dex:  9    Spells: 6/6 levels left

rFire   . . .      SeeInvis .      - Unarmed
rCold   . . .      Faith    .    b - +0 kite shield
rNeg    . . .      Spirit   .    a - +0 robe
rPois   .          Reflect  .    (helmet restricted)
rElec   .          Rampage  .    r - scarf {harm}
rCorr   .          Harm     + .  (gloves unavailable)
Will    .....                    (boots unavailable)
Stlth   +                        (no amulet)
HPRegen 1.11/turn                (no ring)
MPRegen 0.10/turn                (no ring)

@: corroded
A: large, unfitting armour, claws 3, regeneration 1, shaggy fur 1, tough skin 1
a: no special abilities


You were on level 5 of the Dungeon.
You visited 1 branch of the dungeon, and saw 5 of its levels.

You collected 178 gold pieces.

Inventory:

Armour
 a - a +0 robe (worn)
 b - a +0 kite shield (worn)
 r - a scarf of harm (worn)
Wands
 q - a wand of charming (15) (quivered)
Scrolls
 e - a scroll of fog {unknown}
 h - a scroll of vulnerability
 i - a scroll of immolation
 j - a scroll of magic mapping {unknown}
 k - a scroll of blinking
 o - a scroll of fear
Potions
 f - a potion of brilliance
 m - 2 potions of curing
 n - 3 potions of heal wounds
 p - a potion of invisibility {unknown}


   Skills:
 - Level 2.4 Fighting
 + Level 4.6 Throwing
 - Level 2.4 Dodging
 - Level 2.6 Shields
 + Level 5.6 Unarmed Combat


You had 6 spell levels left.
You didn't know any spells.
Your spell library contained the following spells:

 Spells                   Type           Power      Damage    Failure   Level
 Magic Dart               Conj           0%         1d3       80%         1
 Call Imp                 Summ           0%         N/A       91%         2
 Mephitic Cloud           Conj/Pois/Air  0%         N/A       99%         3
 Vhi's Electric Charge    Tloc/Air       0%         N/A       99%         3
 Arcjolt                  Conj/Air       0%         1d10      100%        5
 Maxwell's Capacitive Co  Air            0%         ∞         100%        8


Dungeon Overview and Level Annotations

Branches:
Dungeon (5/15)
 Temple: D:4-7

Altars:
Qazlal

Shops:
D:4 *   D:5 (

Annotations:
D:5 Pikel


Innate Abilities, Weirdness & Mutations

You are too large for most types of armour.
You have claws for hands.
Your natural rate of healing is unusually fast.
You are covered in fur. (AC +1)
You have tough skin. (AC +1)


Message History

You throw a poisoned dart. The poisoned dart hits the lemure!
The lemure is poisoned.
You throw a poisoned dart.
The poisoned dart closely misses the lemure.
No other quiver actions available for cycling.
No other quiver actions available for cycling.
The lemure is charmed.
A lemure comes into view.
Found Bidu's Weapon Shop.
The lemure shouts!
The lemure is charmed.
You swap places.
The quokka barely misses you.
The quokka is charmed.
You swap places.
Found a hand axe.
The lemure is charmed.
You swap places.
Pikel zaps a wand.
The bolt of acid hits you! The acid corrodes you!
You see here a poisoned dart.
Found 5 stones.
Pikel drinks a potion.
Pikel goes berserk!
You scratch Pikel but do no damage.
Your lemure looks more healthy.
Pikel hits you with a +1 whip of flaming!
Pikel burns you.
Pikel hits you with a +1 whip of flaming!
Pikel burns you.
A worm comes into view.
You closely miss Pikel.
Your lemure hits Pikel but does no damage.
Your quokka barely misses Pikel.
Pikel hits your lemure with a +1 whip of flaming.
Pikel burns your lemure.
Your lemure completely misses Pikel.
You scratch Pikel.
Pikel is lightly wounded.
Pikel hits you with a +1 whip of flaming!
* * * LOW HITPOINT WARNING * * *
Pikel burns you.
* * * LOW HITPOINT WARNING * * *
Your quokka barely misses Pikel.
Your lemure hits Pikel. x2
Pikel hits you with a +1 whip of flaming!
You die...

w..........# .
........... ..
#............ ...
#.............
..#.............
.............#######
##.K5####..........#
####.r@5.#...#.........
........5.)...#........#
.....).∩.(............#
.........÷.....#......#
....#.....#....#......##
....##...##...##........
......#.##............##
.. ...#.#..>....<.)..#..
....#.####.#....####.#


You could see Pikel (berserk, ally target), a worm, 3 friendly lemures and a
friendly quokka (charmed).

Vanquished Creatures
  An ice beast (D:4)
  A lemure (D:4)
  A scorpion (D:4)
  A howler monkey (D:4)
  A hound (D:4)
  2 orc priests (D:3)
  A sleepcap (D:5)
  Terence (D:2)
  2 orc wizards (D:5)
  Robin (D:2)
  3 gnolls (D:2)
  2 adders
  An ufetubus (D:4)
  2 worms
  3 dart slugs
  7 orcs
  3 endoplasms
  3 giant cockroaches
  6 goblins
  9 hobgoblins
  3 kobolds
  2 quokkas
  6 ball pythons
  5 bats
  4 frilled lizards
  4 rats
75 creatures vanquished.

Notes
Turn   | Place    | Note
-------+----------+-------------------------------------------
     0 | D:1      | cheesebisquit the Troll Fighter began the quest for the
                  | Orb.
     0 | D:1      | Reached XP level 1. HP: 22/22 MP: 0/0
   456 | D:1      | Reached XP level 2. HP: 29/29 MP: 1/1
   465 | D:1      | Reached skill level 1 in Throwing
   868 | D:2      | Noticed Terence
   875 | D:2      | HP: 1/29 [Terence/+0 flail (10)]
   876 | D:2      | Killed Terence
   877 | D:2      | Reached skill level 3 in Unarmed Combat
   877 | D:2      | Reached XP level 3. HP: 3/36 MP: 2/2
   971 | D:2      | Reached XP level 4. HP: 40/44 MP: 3/3
  1260 | D:2      | Identified the +0 helmet "Ugybby" {Contam rPois Str+6}
  1260 | D:2      | Noticed Robin
  1268 | D:2      | Killed Robin
  1537 | D:3      | Reached XP level 5. HP: 50/50 MP: 4/4
  1549 | D:3      | Reached skill level 4 in Unarmed Combat
  1582 | D:3      | Identified the +3 ring mail of Qium {rPois Will+ Regen+
                  | rCorr Str-3}
  2003 | D:4      | Found a stormy altar of Qazlal.
  2286 | D:4      | Reached XP level 6. HP: 59/59 MP: 5/5
  2447 | D:4      | Reached skill level 5 in Unarmed Combat
  2456 | D:4      | Noticed an ice beast
  2468 | D:4      | Killed an ice beast
  2469 | D:4      | Found Lownup's Neck Hole.
  2941 | D:5      | Entered Level 5 of the Dungeon
  3009 | D:5      | Noticed Pikel
  3131 | D:5      | Reached XP level 7. HP: 59/66 MP: 6/6
  3255 | D:5      | Found Bidu's Weapon Shop.
  3267 | D:5      | HP: 2/66 [Pikel/+1 whip of flaming (7)]
  3267 | D:5      | Mangled by Pikel

Illustrated notes

Levels and vault maps discovered:
D:1:      minmay_arrival_up_and_down, layout_rooms, roderic_roman_lattice,
          minmay_misc_feat_plants, minmay_misc_feat_secret_circle
D:2:      layout_basic, uniq_terence, uniq_robin
D:3:      layout_basic
D:4:      layout_basic, overflow_temple_1_default,
          nicolae_shop_sticking_my_neck_out
D:5:      layout_basic, serial_shops, nicolae_shop_bloodbath_and_beyond,
          uniq_pikel, uniq_grinder, uniq_ijyb, uniq_crazy_yiuf_cottage

Skill      XL: |  1  2  3  4  5  6 |
---------------+-------------------+-----
Throwing       | 2 3 4 |  4.6
Unarmed Combat | 3 4 5 |  5.6
Fighting       | |  2.4
Dodging        | |  2.4
Shields        | |  2.6

Action                     |  1- 3 |  4- 6 |  7- 9 || total
---------------------------+-------+-------+-------++-------
  Melee: Unarmed           |    69 |    92 |     3 ||   164
  Throw: Stone             |     4 |     2 |       ||     6
         Boomerang         |       |    56 |     2 ||    58
         Dart              |       |       |     3 ||     3
  Evoke: Wand              |       |       |     4 ||     4
    Use: Potion            |     1 |       |       ||     1
         Scroll            |       |     7 |       ||     7
 Armour: Robe              |    13 |    15 |       ||    28
  Dodge: Dodged            |    14 |    23 |     1 ||    38
  Block: Kite shield       |    25 |    28 |       ||    53

Table legend: (Time is in decaauts)
 A = Elapsed time spent in this place.
 B = Non-inter-level travel time spent in this place.
 C = Inter-level travel time spent in this place.
 D = Time resting spent in this place.
 E = Time spent auto-exploring this place.
 F = Levels seen in this place.
 G = Mean time per level.
                   A        B        C        D        E       F      G
               +--------+--------+--------+--------+--------+-----+--------+
         Total |   3293 |   2944 |    349 |      5 |   2386 |   5 |  658.6 |
       Dungeon |   3293 |   2944 |    349 |      5 |   2386 |   5 |  658.6 |
               +--------+--------+--------+--------+--------+-----+--------+

Top non-repeatable levels by time:
     D:4: 1017 daAuts
     D:2: 873 daAuts
     D:1: 627 daAuts
     D:3: 511 daAuts
     D:5: 263 daAuts
